 Dungeon Crawl Stone Soup version 0.22.1-1-ga44c0e5 (webtiles) character file.

7407 schets the Spear-Bearer (level 11, -9/82 HPs)
             Began as a Merfolk Gladiator on Sept 30, 2018.
             Was a Believer of Hepliaklqana.
             Mangled by a quarterstaff of chaos (21 damage)
             ... on level 9 of the Dungeon.
             The game lasted 00:22:23 (14343 turns).

schets the Spear-Bearer (Merfolk Gladiator)        Turns: 14343, Time: 00:22:24

Health: -9/82      AC: 10    Str: 17    XL:     11   Next: 14%
Magic:  14/14      EV: 18    Int:  9    God:    Hepliaklqana [**....]
Gold:   400        SH:  0    Dex: 15    Spells: 10/10 levels left

rFire    . . .     SeeInvis .   C - +2 halberd
rCold    . . .     Gourm    .   (shield currently unavailable)
rNeg     . . .     Faith    .   b - +0 leather armour
rPois    .         Spirit   .   E - +0 helmet
rElec    .         Reflect  .   z - +0 cloak
rCorr    +         Harm     +   (no gloves)
MR       .....                  (no boots)
Stlth    +.........             i - amulet of harm
HPRegen  0.23/turn              p - ring of resist corrosion
MPRegen  0.14/turn              g - +5 ring of protection

@: very slightly contaminated
A: change form in water, swift swim, stealthy swim, reduced essence
a: Recall Ancestor, Ancestor Identity, Renounce Religion


You were on level 9 of the Dungeon.
You worshipped Hepliaklqana.
Hepliaklqana was pleased with you.
You were hungry.

You visited 2 branches of the dungeon, and saw 10 of its levels.

You collected 400 gold pieces.

Inventory:

Hand Weapons
 C - a +2 halberd (weapon)
 F - a +3 scimitar of flaming
Missiles
 c - 2 javelins
 B - 5 tomahawks (quivered)
Armour
 b - a +0 leather armour (worn)
 z - a +0 cloak (worn)
 E - a +0 helmet (worn)
Jewellery
 g - a +5 ring of protection (right hand)
 i - an amulet of harm (around neck)
 p - a ring of resist corrosion (left hand)
 v - an uncursed ring of ice
Wands
 a - a wand of iceblast (4)
 y - a wand of acid (3)
 G - a wand of digging (16)
Scrolls
 d - 6 scrolls of teleportation
 e - 2 scrolls of identify
 l - 2 scrolls of fog
 m - 7 scrolls of remove curse
 q - 2 scrolls of amnesia
 s - a scroll of blinking {unknown}
 u - 2 scrolls of noise {unknown}
 w - 3 scrolls of magic mapping
 x - a scroll of enchant armour {unknown}
 D - a scroll of enchant weapon
Potions
 j - a potion of heal wounds
 k - 4 potions of curing
 n - 2 potions of magic {unknown}
 o - a potion of brilliance {unknown}
 r - a potion of berserk rage {unknown}
 t - a potion of haste {unknown}
 A - a potion of degeneration {unknown}
Comestibles
 f - 14 rations


   Skills:
 * Level 10.4 Fighting
 * Level 13.5 Polearms
 + Level 6.8 Throwing
 + Level 9.4 Dodging
 + Level 4.9 Invocations


You had 10 spell levels left.
You didn't know any spells.
Your spell library contained the following spells:

 Spells                   Type           Power        Failure   Level  Hunger
 Magic Dart               Conj           #...         45%         1    ##.....
 Searing Ray              Conj           #.....       58%         2    ###....
 Dazzling Spray           Conj/Hex       #.....       83%         3    ####...
 Force Lance              Conj/Tloc      #.......     99%         4    #####..
 Fulminant Prism          Conj/Hex       #.........   99%         4    #####..
 Iskenderun's Mystic Bla  Conj           #.......     99%         4    #####..


Dungeon Overview and Level Annotations

Branches:
Dungeon (9/15)             Temple (1/1) D:7            Lair (0/6) D:8
    Orc: D:9-12

Altars:
Ashenzari
Cheibriados
Dithmenos
Elyvilon
Fedhas
Gozag
Hepliaklqana
Kikubaaqudgha
Makhleb
Nemelex Xobeh
Okawaru
Qazlal
Ru
Sif Muna
Trog
Uskayaw
Vehumet
Wu Jian
Xom
Yredelemnul
Zin
The Shining One


Message History

You hit Shepard's ghost but do no damage.
Shepard's ghost is almost destroyed.
Shepard's ghost hits you!
* * * LOW HITPOINT WARNING * * *
You slice Shepard's ghost!!
You destroy Shepard's ghost!
Your life force feels restored.
You slash the quarterstaff of chaos!
The quarterstaff of chaos is severely damaged.
The quarterstaff of chaos closely misses you.
You miss the quarterstaff of chaos.
The quarterstaff of chaos is heavily damaged.
You flicker back into view.
The quarterstaff of chaos hits you but does no damage.
You barely miss the quarterstaff of chaos.
The quarterstaff of chaos is heavily damaged.
The quarterstaff of chaos hits you.
* * * LOW HITPOINT WARNING * * *
The quarterstaff of chaos hits you!!
You die...

#.## #..#####.......#####.### #.#
#.......##...........# ####
##.......####........##
#.####........###^........##
####..##.............##.......##
...............###..####...##..##
##...#.......###.##.# ##.####...
##.##...#####.#.##.## #.## #..#
#.####..# #._(@.#..###.# #.## ###
#..## ##(#.........# ##.# #...#
###.##....#.####.##
##..####..##.....##..#.##
##.......)...).........####
###.###..###...)............#
##..## ######.............#..#
#..#####.#.##.....##..##...###
####..#.#.#...#..)####..####


You could see a quarterstaff of chaos.

Vanquished Creatures
  The ghost of Shepard the Severer, a novice HOFi of Beogh (D:9)
  2 two-headed ogres
  Erica (D:9)
  An oklob plant (D:6)
  A hornet (D:9)
  A hungry ghost (D:9)
  Menkaure (D:5)
  A soldier ant (D:9)
  Duvessa (D:7)
  2 orc warriors
  2 sky beasts
  A necrophage (D:7)
  2 ice beasts
  An eye of draining (D:9)
  3 ogres
  6 centaurs
  A bullfrog (D:9)
  Dowan (D:7)
  A wyvern skeleton (D:6)
  5 scorpions
  2 killer bees (D:9)
  6 electric eels (D:7)
  3 wights (D:7)
  A howler monkey (D:5)
  2 crimson imps
  3 bullfrog zombies
  A centaur zombie (D:9)
  2 jellies
  An orc priest (D:4)
  4 hounds
  A centaur skeleton (D:5)
  An iguana (D:7)
  2 orc wizards
  7 worker ants
  A killer bee zombie (D:8)
  A hound zombie (D:7)
  Robin (D:2)
  A howler monkey skeleton (D:6)
  7 adders
  6 gnolls
  A shadow imp (D:7)
  An ooze (D:2)
  6 worms
  4 dart slugs (D:1)
  5 leopard geckos
  15 orcs
  10 bats
  7 giant cockroaches
  11 hobgoblins
  2 jackals (D:3)
  6 kobolds
  8 quokkas
  4 ball pythons
  7 frilled lizards
  16 goblins
  2 jackal zombies
  9 rats
  A plant (D:1)
203 creatures vanquished.

Vanquished Creatures (collateral kills)
  A hungry ghost (D:8)
  A necrophage (D:8)
  2 sky beasts
  A bullfrog (D:9)
  A howler monkey (D:7)
  A gnoll (D:7)
  An adder zombie (D:7)
  An adder skeleton (D:8)
  An orc (D:9)
10 creatures vanquished.

Vanquished Creatures (others)
  2 knights (D:9)
  7 ancestors
  5 plants (D:7)
14 creatures vanquished.

Grand Total: 227 creatures vanquished

Notes
Turn   | Place    | Note
-------+----------+-------------------------------------------
     0 | D:1      | schets the Merfolk Gladiator began the quest for the Orb.
     0 | D:1      | Reached XP level 1. HP: 16/16 MP: 1/1
    74 | D:1      | Reached XP level 2. HP: 11/23 MP: 2/2
   587 | D:1      | Reached skill level 5 in Polearms
   677 | D:1      | Reached XP level 3. HP: 28/28 MP: 3/3
  1367 | D:2      | Noticed Robin
  1409 | D:2      | Reached XP level 4. HP: 34/35 MP: 4/4
  1453 | D:2      | Killed Robin
  1717 | D:2      | Found a hide-covered altar of Uskayaw.
  1717 | D:2      | Found a radiant altar of Vehumet.
  1949 | D:2      | Found an opulent altar of Gozag.
  2315 | D:3      | Reached XP level 5. HP: 42/42 MP: 5/5
  2324 | D:3      | Reached skill level 6 in Polearms
  3242 | D:4      | Reached XP level 6. HP: 47/48 MP: 6/6
  3247 | D:4      | Reached skill level 5 in Dodging
  3396 | D:4      | Reached skill level 7 in Polearms
  4101 | D:5      | Entered Level 5 of the Dungeon
  4119 | D:5      | Noticed Menkaure
  4125 | D:5      | Killed Menkaure
  4125 | D:5      | Reached skill level 5 in Fighting
  4125 | D:5      | Reached XP level 7. HP: 4/56 MP: 7/7
  5049 | D:5      | Reached skill level 8 in Polearms
  5113 | D:5      | Found a basalt altar of Yredelemnul.
  5544 | D:6      | Reached XP level 8. HP: 59/64 MP: 8/8
  5623 | D:6      | Found a deep blue altar of Sif Muna.
  5782 | D:6      | Found a blossoming altar of Fedhas.
  6055 | D:6      | Reached skill level 9 in Polearms
  6251 | D:6      | Found a bloodstained altar of Trog.
  6252 | D:6      | Noticed an oklob plant
  6290 | D:6      | Killed an oklob plant
  6606 | D:7      | Reached skill level 10 in Polearms
  6725 | D:7      | Noticed Duvessa
  6725 | D:7      | Noticed Dowan
  6979 | D:7      | Reached XP level 9. HP: 61/72 MP: 9/9
  7047 | D:7      | Killed Duvessa
  7060 | D:7      | Killed Dowan
  7197 | D:7      | Found a staircase to the Ecumenical Temple.
  7224 | Temple   | Entered the Ecumenical Temple
  7250 | Temple   | Became a worshipper of Hepliaklqana the Forgotten
  7405 | D:7      | Reached skill level 5 in Throwing
  7735 | D:7      | Reached skill level 1 in Invocations
  7995 | D:7      | Reached skill level 11 in Polearms
  9936 | D:7      | HP: 3/67 [electric eel/bolt of electricity (8)]
 10955 | D:8      | Reached * piety under Hepliaklqana
 11040 | D:8      | Found a staircase to the Lair.
 11275 | D:8      | Reached XP level 10. HP: 26/73 MP: 12/12
 11948 | D:8      | Found a glowing silver altar of Zin.
 12061 | D:9      | Noticed a two-headed ogre
 12216 | D:8      | Killed a two-headed ogre
 12216 | D:8      | Reached skill level 12 in Polearms
 12349 | D:9      | Noticed a two-headed ogre
 12357 | D:9      | Killed a two-headed ogre
 12568 | D:9      | Noticed Erica
 12606 | D:9      | Killed Erica
 13008 | D:9      | Reached skill level 13 in Polearms
 13031 | D:9      | Reached ** piety under Hepliaklqana
 13032 | D:9      | Remembered your ancestor Osbert as a knight
 13083 | D:9      | Reached skill level 10 in Fighting
 13370 | D:9      | Reached XP level 11. HP: 51/81 MP: 14/14
 13517 | D:9      | Found a runed door.
 13517 | D:9      | Found a shimmering altar of Xom.
 13517 | D:9      | Noticed a quarterstaff of chaos
 13517 | D:9      | Noticed Shepard's ghost (novice HOFi)
 14340 | D:9      | Killed Shepard's ghost
 14343 | D:9      | Mangled by a quarterstaff of chaos

Skill      XL: |  1  2  3  4  5  6  7  8  9 10 |
---------------+-------------------------------+-----
Polearms       | 5 6 7 8 10 11 13 | 13.5
Fighting       | 3 4 5 7 8 10 | 10.4
Throwing       | 3 4 5 6 |  6.8
Dodging        | 5 6 7 8 9 |  9.4
Invocations    | 2 4 |  4.9

Action                   |  1- 3 |  4- 6 |  7- 9 | 10-12 || total
-------------------------+-------+-------+-------+-------++-------
Melee: Trident           |   137 |    94 |       |       ||   231
       Halberd           |       |   119 |   245 |    96 ||   460
Throw: Throwing net      |     4 |     1 |       |       ||     5
       Tomahawk          |       |       |    13 |     3 ||    16
       Javelin           |       |       |       |     1 ||     1
Invok: Recall Ancestor   |       |       |       |     2 ||     2
       Ancestor Life: Kn |       |       |       |     1 ||     1
Evoke: Wand              |       |       |     1 |     9 ||    10
  Use: Scroll            |       |       |    10 |       ||    10
       Potion            |       |       |     1 |     3 ||     4
 Stab: Sleeping          |     3 |     2 |     1 |     1 ||     7
       Held in net/web   |     1 |     1 |       |       ||     2
       Distracted        |       |       |     1 |     1 ||     2
       Invisible         |       |       |       |     2 ||     2
  Eat: Chunk             |     2 |     7 |    10 |     9 ||    28
       Ration            |       |       |     4 |     1 ||     5
Armor: Leather armour    |    17 |    56 |    61 |    12 ||   146
Dodge: Dodged            |    53 |   145 |   162 |    48 ||   408
